 Dungeon Crawl Stone Soup version 0.28-a0-1389-gc726bef33b (webtiles) character file.

Game seed: 1230899568483776572

6 enile the Insei (level 1, 0/14 HPs)
             Began as an Octopode Transmuter on Jan 3, 2022.
             Slain by a jackal (2 damage)
             ... on level 2 of the Dungeon.
             The game lasted 00:01:16 (361 turns).

enile the Insei (Octopode Transmuter)                Turns: 361, Time: 00:01:17

Health: 0/14       AC:  1    Str:  9    XL:     1   Next: 90%
Magic:  2/3        EV: 13    Int: 15    God:
Gold:   17         SH:  0    Dex: 12    Spells: 3/4 levels left

rFire   . . .      SeeInvis .   b - +0 dagger
rCold   . . .      Faith    .   (no shield)
rNeg    . . .      Spirit   .   (helmet currently unavailable)
rPois   .          Reflect  .   (no amulet)
rElec   .          Harm     .   (no ring)
rCorr   .          Rampage  .   (no ring)
Will    .....                   (no ring)
Stlth   ++........              (no ring)
HPRegen 0.04/turn               (no ring)
MPRegen 0.08/turn               (no ring)
                                (no ring)
                                (no ring)

@: appendages
A: tentacle spike 3, almost no armour, amphibious, 8 rings, camouflage 1,
gelatinous body 1, (nimble swimmer 1), tentacles
a: End Transformation


You were on level 2 of the Dungeon.
One of your tentacles had grown a beastly spike.
You visited 1 branch of the dungeon, and saw 2 of its levels.

You collected 17 gold pieces.

Inventory:

Hand Weapons
 b - a +0 dagger (weapon)
Scrolls
 a - a scroll of amnesia


   Skills:
 + Level 1.9 Fighting
 - Level 2.0 Dodging
 - Level 3.0 Unarmed Combat
 - Level 2.0 Spellcasting
 - Level 2.0 Transmutations


You had 3 spell levels left.
You knew the following spells:

 Your Spells              Type           Power      Damage    Failure   Level
a - Beastly Appendage     Tmut           14%        N/A       10%         1

Your spell library contained the following spells:

 Spells                   Type           Power      Damage    Failure   Level
 Wereblood                Tmut           7%         N/A       14%         2
 Spider Form              Tmut/Pois      4%         N/A       41%         3
 Ozocubu's Armour         Ice            1%         N/A       54%         3
 Ice Form                 Ice/Tmut       4%         N/A       82%         4
 Ozocubu's Refrigeration  Ice            0%         4d5       100%        7


Dungeon Overview and Level Annotations

Branches:
Dungeon (2/15)

Altars:


Innate Abilities, Weirdness & Mutations

One of your tentacles has grown a beastly spike.
You cannot wear most types of armour.
You are amphibious.
You can wear up to eight rings at the same time.
Your skin changes colour to match your surroundings (Stealth+).
Your rubbery body absorbs attacks. (AC +1, EV +1)
((You are camouflaged when in or above water. (Stealth+)))
You have tentacles for arms and can constrict up to eight enemies at once.


Message History

As you read the scroll labelled YRESECVO ZIPN, it crumbles to dust.
It is a scroll of identify.
a - a scroll of amnesia The jackal barely misses you.
The jackal barely misses you. The jackal bites you.
Casting: Beastly Appendage (safe; 10% risk of failure)
Confirm with . or Enter, or press ? or * to list all spells.
One of your tentacles grows a vicious spike.
Your transformation is almost over.
The jackal closely misses you. The jackal closely misses you.
The endoplasm freezes you.
You are frozen.
* * * LOW HITPOINT WARNING * * *
A kobold comes into view.
It is wielding a +2 short sword of venom.
You hit the endoplasm but do no damage. The endoplasm closely misses you.
The jackal misses you. The endoplasm misses you. The jackal barely misses you.
The jackal misses you.
Your tentacle spike disappears.
There is a stone staircase leading down here.
You can't go up here!
The jackal barely misses you. The jackal closely misses you.
The jackal misses you. The jackal bites you.
* * * LOW HITPOINT WARNING * * *
The jackal bites you.
* * * LOW HITPOINT WARNING * * *
You climb downwards.
Found 15 gold pieces.
Found a stone staircase leading up and two stone staircases leading down.
There is a stone staircase leading up here.
The jackal closely misses you.
Sorry, you're not good enough to have a special ability.
A ball python comes into view.
Casting: Beastly Appendage (safe; 10% risk of failure)
Confirm with . or Enter, or press ? or * to list all spells.
One of your tentacles grows a vicious spike.
The jackal closely misses you. The jackal bites you.
You die...

.. .. . S
.#. ... ###
#.## ....
###.$#..###
#..........
#@# #h# #h#
# #h# # #
#.#.#.#....
#..<...####


You could see 3 jackals and a ball python (asleep).

Vanquished Creatures
  A ball python (D:1)
  2 endoplasms (D:1)
  A goblin (D:1)
  A frilled lizard (D:1)
5 creatures vanquished.

Notes
Turn   | Place    | Note
-------+----------+-------------------------------------------
     0 | D:1      | enile the Octopode Transmuter began the quest for the Orb.
     0 | D:1      | Reached XP level 1. HP: 13/13 MP: 3/3
   361 | D:2      | Slain by a jackal

Illustrated notes

Levels and vault maps discovered:
D:1:      psy_arrival_basics, layout_basic,
          dreamdust_ecumenical_altar_drowned_temple, st_stairs_5,
          interstate_on_off, feat_on_display
D:2:      layout_loops_ring, serial_bayou_lake_a

Action                   || total
-------------------------++-------
Melee: Dagger            ||     7
       Unarmed           ||     5
       Constrict         ||     2
       Punch             ||     2
       Tentacles         ||     2
       Kick              ||     1
 Cast: Beastly Appendage ||     6
  Use: Scroll            ||     1
 Stab: Sleeping          ||     1
Dodge: Dodged            ||    21

Table legend: (Time is in decaauts)
 A = Elapsed time spent in this place.
 B = Non-inter-level travel time spent in this place.
 C = Inter-level travel time spent in this place.
 D = Time resting spent in this place.
 E = Time spent auto-exploring this place.
 F = Levels seen in this place.
 G = Mean time per level.
                   A        B        C        D        E       F      G
               +--------+--------+--------+--------+--------+-----+--------+
         Total |    360 |    360 |      0 |      0 |    282 |   2 |  180.0 |
       Dungeon |    360 |    360 |      0 |      0 |    282 |   2 |  180.0 |
               +--------+--------+--------+--------+--------+-----+--------+

Top non-repeatable levels by time:
     D:1: 353 daAuts
     D:2: 6 daAuts
